 Dungeon Crawl Stone Soup version 0.18.1-50-g88ac8fd (webtiles) character file.

154 nikopol the Chopper (level 5, -5/47 HPs)
             Began as a Hill Orc Berserker on Oct 22, 2016.
             Was a Priest of Trog.
             Slain by a hippogriff (6 damage)
             ... on level 3 of the Dungeon.
             The game lasted 00:04:34 (1580 turns).

nikopol the Chopper (Hill Orc Berserker)            Turns: 1580, Time: 00:04:34

Health: -5/47      AC:  9    Str: 20    XL:     5   Next: 36%
Magic:  5/5        EV:  8    Int:  7    God:    Trog [***...]
Gold:   104        SH:  0    Dex: 11    Spells: 0 memorised, 4 levels left

rFire  . . .     SeeInvis .     a - +0 hand axe
rCold  . . .     Gourm    .     o - +0 chain mail
rNeg   . . .     Faith    .     (no shield)
rPois  .         Spirit   .     (no helmet)
rElec  .         Dismiss  .     (no cloak)
rCorr  .         Reflect  .     (no gloves)
SustAt .         Harm     .     (no boots)
MR     .....                    (no amulet)
Stlth  ..........               (no ring)
                                (no ring)

@: exhausted, slowed, very slow, not resistant to hostile enchantments,
extremely unstealthy
A: no striking features
a: Berserk, Trog's Hand, Burn Spellbooks, Renounce Religion


You were on level 3 of the Dungeon.
You worshipped Trog.
Trog was most pleased with you.
You were very hungry.

You visited 1 branch of the dungeon, and saw 3 of its levels.

You collected 104 gold pieces.

Inventory:

Hand Weapons
 a - a +0 hand axe (weapon)
Missiles
 f - 40 arrows (quivered)
Armour
 b - a +0 animal skin
 o - a +0 chain mail (worn)
Wands
 t - a wand of confusion (19/48)
Scrolls
 e - a scroll of random uselessness {unknown}
 h - a scroll of recharging {unknown}
 k - a scroll of magic mapping {unknown}
 l - 2 scrolls of identify {unknown}
 p - a scroll of enchant weapon {unknown}
 r - a scroll of noise {unknown}
Potions
 d - 3 potions of mutation {unknown}
 i - 3 potions of degeneration {unknown}
 j - a potion of heal wounds {unknown}
 n - a potion of invisibility {unknown}
 q - a potion of lignification {unknown}
 s - a potion of cure mutation {unknown}
 u - a potion of curing {unknown}
 v - a potion of cancellation {unknown}
Comestibles
 c - 6 bread rations
 g - 4 chunks of flesh
 m - a meat ration


   Skills:
 + Level 4.6 Fighting
 + Level 5.2 Axes
 + Level 3.5 Armour
 + Level 2.5 Dodging


You had 4 spell levels left.
You didn't know any spells.

Dungeon Overview and Level Annotations

Branches:
Dungeon (3/15)

Altars:
Dithmenos


Message History

The hippogriff pecks you.
* * * LOW HITPOINT WARNING * * *
The hippogriff barely misses you.
The orc wizard hits you but does no damage.
The hippogriff barely misses you. The hippogriff pecks you.
* * * LOW HITPOINT WARNING * * *
The hippogriff claws you but does no damage.
You hit the hippogriff.
The hippogriff is moderately wounded.
You hit the orc wizard.
The orc wizard is heavily wounded.
The orc wizard closely misses you. The hippogriff bites you.
* * * LOW HITPOINT WARNING * * *
The hippogriff closely misses you. The hippogriff claws you.
* * * LOW HITPOINT WARNING * * *
The orc wizard gestures at you while chanting.
The magic dart hits you! The hippogriff barely misses you.
The hippogriff pecks you but does no damage.
The hippogriff claws you.
You die...

.. .. .#.# .# #.#.#. ##.
#.#.# #.# .##.#... #..
....###.## ...... ..
......#.. ..#.###.# ###
...#....# #....#..# ...
........### #..#.#.###.#
..........####..#...#...#
.............##H@..#..#######
....)..........o.............
....)...######.....<####.....
...#...## #...............
######)# ##.#..###.#.....
...###(## #..##.###........
##....o.#####.###..####......
###.............[.####......
#...((...####.............


You could see a hippogriff and an orc wizard.

Vanquished Creatures
  An orc priest (D:3)
  An orc wizard (D:3)
  4 adders (D:2)
  2 worms
  2 dart slugs
  3 giant geckos
  3 orcs (D:3)
  A giant cockroach (D:1)
  5 goblins
  6 hobgoblins
  2 quokkas (D:2)
  A ball python (D:1)
  3 bats
  5 giant newts
  7 kobolds
  9 rats
55 creatures vanquished.

Notes
Turn   | Place    | Note
--------------------------------------------------------------
     0 | D:1      | nikopol the Hill Orc Berserker began the quest for the Orb.
     0 | D:1      | Reached XP level 1. HP: 19/19 MP: 1/1
   157 | D:1      | Reached XP level 2. HP: 21/27 MP: 2/2
   315 | D:1      | Reached ** piety under Trog
   334 | D:1      | Reached XP level 3. HP: 27/33 MP: 3/3
   916 | D:2      | Reached XP level 4. HP: 29/40 MP: 4/4
  1224 | D:2      | Found a shadowy altar of Dithmenos.
  1360 | D:3      | Reached *** piety under Trog
  1373 | D:3      | Reached skill level 5 in Axes
  1373 | D:3      | Reached XP level 5. HP: 28/47 MP: 5/5
  1557 | D:3      | Noticed a hippogriff
  1580 | D:3      | HP: 1/47 [hippogriff (6)]
  1580 | D:3      | Slain by a hippogriff

Skill      XL: |  1  2  3  4 |
---------------+-------------+-----
Fighting       | 4 |  4.6
Armour         | 3 |  3.5
Dodging        | 2 |  2.5
Axes           | 5 |  5.2

Action                   |  1- 3 |  4- 6 || total
-------------------------+-------+-------++-------
Melee: Hand axe          |    92 |    89 ||   181
Invok: Berserk           |       |     1 ||     1
  Eat: Chunk             |       |     2 ||     2
Armor: Animal skin       |     5 |       ||     5
       Chain mail        |    27 |    55 ||    82
Dodge: Dodged            |    54 |    47 ||   101
